 Dungeon Crawl Stone Soup version 0.30-a0-374-g95c0257040 (console) character file.

Game seed: 1176187779758229141

100 zsiga the Ducker (level 5, -5/35 HPs)
             Began as a Djinni Enchanter on Nov 25, 2022.
             Slain by a gnoll
             ... wielding a +0 club
              (7 damage)
             ... on level 4 of the Dungeon.
             The game lasted 00:26:25 (3078 turns).

zsiga the Ducker (Djinni Enchanter)                 Turns: 3078, Time: 00:26:26

Health: -5/35      AC:  2    Str:  7    XL:     5   Next: 3%
Gold:   244        EV: 17    Int: 19    God:
                   SH:  0    Dex: 13

rFire   + + .      SeeInvis .    a - +1 dagger
rCold   x . .      Faith    .    (no shield)
rNeg    . . .      Spirit   .    (no body armour)
rPois   ∞          Reflect  .    (no helmet)
rElec   .          Harm     .    q - +1 cloak
rCorr   .          Rampage  .    (no gloves)
Will    .....                    (boots unavailable)
Stlth   ++........               (no amulet)
HPRegen 0.25/turn                p - +4 ring of evasion
MPRegen 0.00/turn                (no ring)

@: flying
A: sickness immunity, fire resistance 2, cold vulnerability 1, float, innate
caster, HP casting, extra vitality 1
a: no special abilities


You were on level 4 of the Dungeon.
You visited 1 branch of the dungeon, and saw 4 of its levels.

You collected 244 gold pieces.

Inventory:

Hand Weapons
 a - a +1 dagger (weapon)
Armour
 f - a +0 pair of boots
 q - a +1 cloak (worn)
Magical Staves
 i - a staff of death
 r - a staff of fire
Jewellery
 p - a +4 ring of evasion (left hand)
Scrolls
 d - 5 scrolls of blinking {unknown}
 e - 2 scrolls of fear {unknown}
 g - 5 scrolls of identify {unknown}
 h - a scroll of amnesia {unknown}
 l - a scroll of teleportation {unknown}
Potions
 b - 2 potions of might {unknown}
 c - 3 potions of invisibility
 j - a potion of degeneration {unknown}
 k - a potion of flight {unknown}
 m - 3 potions of mutation {unknown}
 n - 2 potions of attraction {unknown}
 o - a potion of lignification {unknown}


   Skills:
 + Level 2.0 Short Blades
 + Level 3.1 Dodging
 + Level 3.0 Stealth
 * Level 3.0 Spellcasting


You couldn't memorise any spells.
You knew the following spells:

 Your Spells              Type           Power      Damage    Failure   Level
a - Ensorcelled Hibernat  Hex/Ice        28%        N/A       6%          2
b - Confusing Touch       Hex            14%        N/A       13%         3
c - Tukima's Dance        Hex            14%        N/A       13%         3
d - Dazzling Flash        Conj/Hex       28%        N/A       13%         3
e - Apportation           Tloc           28%        N/A       4%          1
f - Blink                 Tloc           28%        N/A       6%          2
Your spell library was empty.

Dungeon Overview and Level Annotations

Branches:
Dungeon (4/15)
 Temple: D:4-7

Altars:
Hepliaklqana

Annotations:
D:4 1 transporter


Innate Abilities, Weirdness & Mutations

You are immune to sickness and miasma.
You are immune to poison.
Your flesh is very heat resistant. (rF++)
You are vulnerable to cold. (rC-)
You float through the air rather than walking.
You learn spells naturally, not from books.
Your magical power is your life essence.
You have superior vitality. (+4 MHP)


Message History

Aim: a gnoll, wielding a +0 flail and quivering a throwing net (chance to affect: 56%)
The gnoll resists with significant effort.
* * * LOW HITPOINT WARNING * * *
The gnoll hits you with a +0 club.
* * * LOW HITPOINT WARNING * * *
You hit the gnoll.
The gnoll is moderately wounded.
The gnoll barely misses you.
You hit the gnoll.
The gnoll is heavily wounded.
The gnoll completely misses you.
You closely miss the gnoll.
The gnoll is heavily wounded.
The gnoll misses you.
You closely miss the gnoll.
The gnoll is heavily wounded.
You hit the gnoll.
The gnoll is severely wounded.
The gnoll misses you.
You closely miss the gnoll.
The gnoll is severely wounded.
The gnoll closely misses you.
You closely miss the gnoll.
The gnoll is severely wounded.
The gnoll hits you with a +0 club.
* * * LOW HITPOINT WARNING * * *
You closely miss the gnoll.
The gnoll is severely wounded.
The gnoll closely misses you.
You hit the gnoll.
The gnoll is severely wounded.
The gnoll hits you with a +0 club.
* * * LOW HITPOINT WARNING * * *
You barely miss the gnoll.
The gnoll is severely wounded.
The gnoll closely misses you.
You hit the gnoll.
The gnoll is almost dead.
The gnoll hits you with a +0 club!
You die...

### ###.# ...# ..# #.#
#@# ###g##### #..gg.<.##
### #...........#####
....
.................###..##
#.......................
##......................
#.........###.(..####..
###......## ##..##
##.....# ##©# ###... ###


You could see 3 gnolls.

Vanquished Creatures
  2 adders
  3 worms
  2 dart slugs (D:2)
  3 orcs (D:3)
  4 bats
  9 endoplasms
  2 giant cockroaches
  6 goblins
  6 hobgoblins
  6 kobolds
  A quokka (D:3)
  5 ball pythons
  A frilled lizard (D:1)
  10 rats
60 creatures vanquished.

Notes
Turn   | Place    | Note
-------+----------+-------------------------------------------
     0 | D:1      | zsiga the Djinni Enchanter began the quest for the Orb.
     0 | D:1      | zsiga set off with the following spells memorised:
                  | Ensorcelled Hibernation, Confusing Touch, Tukima's Dance,
                  | Dazzling Flash.
     0 | D:1      | Reached XP level 1. HP: 15/15 MP: 0/0
    58 | D:1      | You are sucked into a shaft and drop 1 floor!
    92 | D:2      | Reached skill level 1 in Short Blades
   150 | D:2      | Reached XP level 2. HP: 20/21 MP: 0/0
   498 | D:1      | Found a faded altar of an unknown god.
   510 | D:1      | Reached XP level 3. HP: 19/25 MP: 0/0
   510 | D:1      | Learned a level 1 spell: Apportation
  1187 | D:2      | Found a hazy altar of Hepliaklqana.
  1531 | D:2      | Reached XP level 4. HP: 15/31 MP: 0/0
  2671 | D:3      | Reached XP level 5. HP: 35/35 MP: 0/0
  2671 | D:3      | Learned a level 2 spell: Blink
  3038 | D:4      | Found a transporter.
  3078 | D:4      | Slain by a gnoll

Illustrated notes

Levels and vault maps discovered:
D:1:      saegor_arrival_simple_e, layout_loops_ring,
          chequers_ecumenical_altar_simple
D:2:      layout_basic, basic_altar
D:3:      layout_loops_corners, minmay_misc_feat_rows
D:4:      layout_cave_pods, gammafunk_ghost_abyssal_escape

Skill      XL: |  1  2  3  4  5 |
---------------+----------------+-----
Short Blades   | 1 2 |  2.0
Dodging        | 3 |  3.1
Stealth        | 3 |  3.0
Spellcasting   | 3 |  3.0

Action                   |  1- 3 |  4- 6 || total
-------------------------+-------+-------++-------
Melee: Dagger            |   182 |    94 ||   276
       Punch             |     1 |       ||     1
 Cast: Ensorcelled Hiber |     6 |    12 ||    18
 Stab: Sleeping          |     5 |    11 ||    16
       Distracted        |       |     1 ||     1
Armor: Robe              |     2 |       ||     2
       Leather armour    |    29 |     4 ||    33
       Skin              |       |     5 ||     5
Dodge: Dodged            |   103 |    64 ||   167

Table legend: (Time is in decaauts)
 A = Elapsed time spent in this place.
 B = Non-inter-level travel time spent in this place.
 C = Inter-level travel time spent in this place.
 D = Time resting spent in this place.
 E = Time spent auto-exploring this place.
 F = Levels seen in this place.
 G = Mean time per level.
                   A        B        C        D        E       F      G
               +--------+--------+--------+--------+--------+-----+--------+
         Total |   3055 |   3055 |      0 |    485 |    482 |   4 |  763.8 |
       Dungeon |   3055 |   3055 |      0 |    485 |    482 |   4 |  763.8 |
               +--------+--------+--------+--------+--------+-----+--------+

Top non-repeatable levels by time:
     D:3: 1177 daAuts
     D:1: 1025 daAuts
     D:2: 814 daAuts
     D:4: 38 daAuts
